[Event "ICC tourney 2314 (120 10)"]
[Site "Internet Chess Club"]
[Date "2021.01.16"]
[Round "1"]
[White "Sirichess"]
[Black "joefiler"]
[Result "1-0"]
[ICCResult "Black resigns"]
[WhiteElo "1485"]
[BlackElo "654"]
[Opening "Sicilian defense"]
[ECO "B32"]
[NIC "SI.31"]
[Time "11:03:49"]
[PlyCount "59"]
[TimeControl "7200+10"]

1. e4 c5 2. Nf3 Nc6 3. d4 d6 4. d5 Qa5+ 5. Bd2 Nb4 6. a3 Bd7 7. Bc3 Nf6 8.
Nbd2 Ba4 9. axb4 Bxc2 10. bxa5 Bxd1 11. Kxd1 e5 12. Bb5+ Kd8 13. h3 a6 14.
Bd3 g6 15. Nf1 Bg7 16. Ng3 Ke7 17. Re1 Nd7 18. Rb1 Rhe8 19. Kd2 Kf8 20. b4
Rac8 21. bxc5 Nxc5 22. Bb4 b5 23. axb6 Nxd3 24. Bxd6+ Kg8 25. Kxd3 f5 26.
b7 fxe4+ 27. Nxe4 Rcd8 28. b8=Q Rxb8 29. Rxb8 Rxb8 30. Bxb8 { Black resigns
} 1-0

[Event "ICC tourney 2314 (120 10)"]
[Site "Internet Chess Club"]
[Date "2021.01.16"]
[Round "1"]
[White "yogokings12"]
[Black "Cbf577"]
[Result "1/2-1/2"]
[ICCResult "Game drawn by mutual agreement"]
[WhiteElo "1573"]
[BlackElo "1363"]
[Opening "Sicilian: Nimzovich-Rossolimo attack (without ...d6)"]
[ECO "B30"]
[NIC "SI.31"]
[Time "11:03:53"]
[PlyCount "102"]
[TimeControl "7200+10"]

1. e4 c5 2. Nf3 Nc6 3. Bb5 d6 4. O-O Nf6 5. Re1 Bd7 6. c3 e6 7. d4 cxd4 8.
cxd4 Be7 9. d5 Ne5 10. Bxd7+ Nexd7 11. dxe6 fxe6 12. Ng5 Nc5 13. Nc3 h6 14.
Nf3 O-O 15. Be3 b6 16. Nd4 Qd7 17. f3 Rac8 18. Nb3 Rfd8 19. Nxc5 bxc5 20.
Qe2 d5 21. exd5 exd5 22. Bf2 Re8 23. Rad1 d4 24. Qc4+ Kh8 25. Ne4 Nxe4 26.
Rxe4 Bd6 27. Qd5 Rxe4 28. fxe4 Qc6 29. Qxc6 Rxc6 30. b3 a5 31. Re1 Be5 32.
Bg3 Bxg3 33. hxg3 Kg8 34. Kf2 Kf7 35. Kf3 Rf6+ 36. Ke2 Rg6 37. Kf3 Rf6+ 38.
Ke2 Ke6 39. Rc1 Kd6 40. e5+ Kxe5 41. Rxc5+ Ke4 42. Rxa5 d3+ 43. Ke1 Rc6 44.
Ra8 Rc1+ 45. Kd2 Rc2+ 46. Kd1 Rxg2 47. Re8+ Kd4 48. Rd8+ Kc3 49. Rc8+ Kd4
50. Rd8+ Ke3 51. Re8+ Kd4 { Game drawn by mutual agreement } 1/2-1/2

[Event "ICC tourney 2314 (120 10)"]
[Site "Internet Chess Club"]
[Date "2021.01.16"]
[Round "1"]
[White "IveDoneEnough"]
[Black "DrBoler"]
[Result "1-0"]
[ICCResult "Black resigns"]
[WhiteElo "1645"]
[BlackElo "1442"]
[Opening "Caro-Kann: two knights, 3...Bg4"]
[ECO "B11"]
[NIC "CK.01"]
[Time "11:03:53"]
[PlyCount "47"]
[TimeControl "7200+10"]

1. e4 c6 2. Nc3 d5 3. Nf3 Bg4 4. h3 Bxf3 5. Qxf3 e6 6. d3 d4 7. Ne2 Bb4+ 8.
c3 dxc3 9. bxc3 Bd6 10. Rb1 Qc7 11. d4 e5 12. Ng3 Nd7 13. Bc4 Ngf6 14. Nf5
exd4 15. Nxg7+ Kf8 16. Bh6 Ke7 17. cxd4 Rhg8 18. O-O Bh2+ 19. Kh1 Rxg7 20.
Bxg7 Rg8 21. Bxf6+ Nxf6 22. e5 Bxe5 23. dxe5 Qxe5 24. Rbe1 { Black resigns
} 1-0

[Event "ICC tourney 2314 (120 10)"]
[Site "Internet Chess Club"]
[Date "2021.01.16"]
[Round "1"]
[White "JonesGill"]
[Black "Eagle2020"]
[Result "1-0"]
[ICCResult "Black checkmated"]
[WhiteElo "1277"]
[BlackElo "1518"]
[Opening "French: Two knights variation"]
[ECO "C00"]
[NIC "FR.01"]
[Time "11:03:45"]
[PlyCount "49"]
[TimeControl "7200+10"]

1. e4 e6 2. Nc3 d5 3. Nf3 Nf6 4. e5 Nfd7 5. d4 c5 6. dxc5 Bxc5 7. Bd3 Nc6
8. Bf4 Qb6 9. O-O Qxb2 10. Nb5 O-O 11. Bd2 d4 12. Qe2 Nb4 13. Rfb1 Nxd3 14.
Qxd3 Qxa1 15. Rxa1 b6 16. Ng5 g6 17. Qh3 h5 18. g4 Kg7 19. gxh5 Rh8 20. h6+
Kf8 21. Qf3 Nxe5 22. Qxa8 Ke7 23. Qxa7+ Kf6 24. f4 Ng4 25. Qxf7# { Black
checkmated } 1-0

[Event "ICC tourney 2314 (120 10)"]
[Site "Internet Chess Club"]
[Date "2021.01.16"]
[Round "1"]
[White "avats"]
[Black "ZYCON"]
[Result "1/2-1/2"]
[ICCResult "Game drawn by mutual agreement"]
[WhiteElo "1584"]
[BlackElo "1385"]
[Opening "Sicilian: Canal-Sokolsky attack, 3...Bd7"]
[ECO "B52"]
[NIC "SI.01"]
[Time "11:04:00"]
[PlyCount "78"]
[TimeControl "7200+10"]

1. e4 c5 2. Nf3 d6 3. Bb5+ Bd7 4. Bxd7+ Nxd7 5. O-O Ngf6 6. d3 g6 7. Nc3
Bg7 8. h3 O-O 9. Be3 Rc8 10. Qd2 a6 11. Bh6 b5 12. Bxg7 Kxg7 13. Nd5 Nxd5
14. exd5 Nf6 15. c4 Qd7 16. Rfe1 Rc7 17. Re2 Ra8 18. Rae1 Qe8 19. Ng5 Rd7
20. Ne4 Nxe4 21. Rxe4 Rb7 22. Rh4 Qh8 23. b3 Kg8 24. Rhe4 Raa7 25. Qa5 Kg7
26. Qc3+ Kg8 27. Qxh8+ Kxh8 28. f4 Kg7 29. Kf2 bxc4 30. dxc4 a5 31. R1e2 a4
32. R4e3 axb3 33. Rxb3 Rxb3 34. axb3 Rb7 35. Re3 h5 36. g4 hxg4 37. hxg4
Kf6 38. Kg3 g5 39. f5 Ra7 { Game drawn by mutual agreement } 1/2-1/2

[Event "ICC tourney 2314 (120 10)"]
[Site "Internet Chess Club"]
[Date "2021.01.16"]
[Round "1"]
[White "PStricker"]
[Black "Kfprasanna"]
[Result "1-0"]
[ICCResult "Black checkmated"]
[WhiteElo "1519"]
[BlackElo "1311"]
[Opening "QGD Slav: 3.Nf3"]
[ECO "D11"]
[NIC "SL.01"]
[Time "11:04:03"]
[PlyCount "75"]
[TimeControl "7200+10"]

1. d4 d5 2. c4 c6 3. Nf3 Bf5 4. Nc3 e6 5. Qb3 Nf6 6. Qxb7 Nbd7 7. Qxc6 Rc8
8. Qb5 Rxc4 9. Ne5 Rb4 10. Nc6 Rxb5 11. Nxd8 Rb4 12. Nc6 Rc4 13. Nxa7 Rxd4
14. Nab5 Rc4 15. e4 Nxe4 16. Bxc4 dxc4 17. Nxe4 Bxe4 18. O-O Bc5 19. Be3
Be7 20. f3 Bd3 21. Rfd1 O-O 22. a4 Ne5 23. a5 Rb8 24. a6 Ra8 25. Nc7 Rc8
26. a7 Bd6 27. a8=Q Rxa8 28. Rxa8+ Bf8 29. Bc5 Nd7 30. Bxf8 Nxf8 31. Na6
Be2 32. Rdd8 g6 33. Rxf8+ Kg7 34. Kf2 Bd3 35. Nc5 Bf5 36. g4 Bc2 37. g5 f6
38. Nxe6# { Black checkmated } 1-0

[Event "ICC tourney 2314 (120 10)"]
[Site "Internet Chess Club"]
[Date "2021.01.16"]
[Round "1"]
[White "WaSabi5829"]
[Black "jackl514"]
[Result "1-0"]
[ICCResult "Black resigns"]
[WhiteElo "1386"]
[BlackElo "1606"]
[Opening "English: Caro-Kann defensive system"]
[ECO "A11"]
[NIC "EO.61"]
[Time "11:03:52"]
[PlyCount "113"]
[TimeControl "7200+10"]

1. c4 c6 2. Nc3 Nf6 3. e4 d5 4. e5 Nfd7 5. d4 dxc4 6. Bxc4 Nb6 7. Bb3 Bf5
8. Nf3 e6 9. O-O Be7 10. h3 O-O 11. Be3 Na6 12. a3 Nc7 13. Rc1 Ncd5 14.
Nxd5 Nxd5 15. Bxd5 Qxd5 16. Rc3 a5 17. Qd2 Be4 18. Bf4 Rfd8 19. Rd1 Rd7 20.
Qe2 Rad8 21. Re3 Bxf3 22. Rxf3 Qb5 23. Qxb5 cxb5 24. Rfd3 Rd5 25. f3 Bc5
26. Be3 f6 27. f4 Ba7 28. Kf2 Rc8 29. Kf3 Kf7 30. g4 Rcd8 31. Ke4 Kg6 32.
h4 fxe5 33. f5+ exf5+ 34. gxf5+ Kh5 35. dxe5 Rxd3 36. Rxd3 Rxd3 37. Kxd3
Bb8 38. e6 Bd6 39. Bg5 h6 40. e7 Bxe7 41. Bxe7 Kg4 42. f6 gxf6 43. Bxf6 h5
44. Kd4 Kf5 45. Bd8 Ke6 46. Bxa5 Kd6 47. Bd8 Kc6 48. Ke4 Kd6 49. Kf5 Kd7
50. Bf6 Ke8 51. Kg5 Kf7 52. Bc3 Kg8 53. Kxh5 Kh7 54. Kg5 Kg8 55. Kg6 Kf8
56. h5 Kg8 57. h6 { Black resigns } 1-0

[Event "ICC tourney 2314 (120 10)"]
[Site "Internet Chess Club"]
[Date "2021.01.16"]
[Round "1"]
[White "Knightboy123"]
[Black "Il123"]
[Result "0-1"]
[ICCResult "White checkmated"]
[WhiteElo "1661"]
[BlackElo "1461"]
[Opening "Queen's pawn: London system"]
[ECO "A45"]
[NIC "QP.07"]
[Time "11:03:48"]
[PlyCount "80"]
[TimeControl "7200+10"]

1. d4 Nf6 2. Bf4 d5 3. e3 Bf5 4. c4 e6 5. Nc3 c5 6. Bxb8 Rxb8 7. cxd5 exd5
8. dxc5 Bxc5 9. Bb5+ Bd7 10. Bxd7+ Qxd7 11. Nf3 O-O 12. O-O Rbd8 13. Ne5
Qd6 14. Nd3 Bb6 15. Qd2 d4 16. exd4 Qxd4 17. Rad1 Ba5 18. Qc2 Bxc3 19. bxc3
Qc4 20. Qb3 Qc7 21. Nc1 Rc8 22. Rd3 Ne4 23. Ne2 Nc5 24. Qc2 Nxd3 25. Qxd3
Rfd8 26. Qc2 Qc4 27. Rb1 b6 28. Rb4 Qxb4 29. h3 Qc4 30. f3 Rd3 31. Kf2 Rcd8
32. Kg3 Rd2 33. Qf5 Qxe2 34. c4 Qxg2+ 35. Kh4 R2d4+ 36. Qg4 Rxg4+ 37. fxg4
Qf2+ 38. Kh5 f6 39. a4 g6+ 40. Kh6 Qh4# { White checkmated } 0-1

[Event "ICC tourney 2314 (120 10)"]
[Site "Internet Chess Club"]
[Date "2021.01.16"]
[Round "1"]
[White "ChessStar22"]
[Black "fireheart"]
[Result "0-1"]
[ICCResult "White checkmated"]
[WhiteElo "1393"]
[BlackElo "1613"]
[Opening "Modern defense"]
[ECO "A40"]
[NIC "QO.17"]
[Time "11:03:54"]
[PlyCount "116"]
[TimeControl "7200+10"]

1. d4 g6 2. c4 Bg7 3. Nf3 d6 4. e3 Nd7 5. Be2 e5 6. dxe5 dxe5 7. e4 Ne7 8.
Nc3 O-O 9. O-O h6 10. b3 f5 11. Bb2 f4 12. Nd5 c6 13. Nxe7+ Qxe7 14. Qc2 g5
15. h3 h5 16. Nh2 Nf6 17. a4 g4 18. Qc3 Nxe4 19. Qc2 Nf6 20. hxg4 hxg4 21.
Qg6 Qe8 22. Qxe8 Rxe8 23. Rfe1 Bf5 24. Bd1 e4 25. Ra2 f3 26. Bxf6 Bxf6 27.
Nf1 Bc3 28. Re3 Bd4 29. Re1 e3 30. Rxe3 Bxe3 31. Nxe3 Rad8 32. Ra1 Bg6 33.
Nxg4 Re1+ 34. Kh2 fxg2 35. Kxg2 Rexd1 36. Ra2 R8d2 37. Ra3 Bb1 38. Ne3 Re1
39. Kf3 Ra2 40. Rxa2 Bxa2 41. b4 Rb1 42. b5 cxb5 43. axb5 Rc1 44. Ke4 Bxc4
45. Nxc4 Rxc4+ 46. Kd5 Rc2 47. f4 Kf7 48. f5 Kf6 49. b6 a5 50. Kd4 a4 51.
Kd3 Rc6 52. Kd4 a3 53. Kd5 a2 54. Ke4 a1=Q 55. Kd3 Qc3+ 56. Ke2 Qb3 57. Ke1
Rc2 58. Kd1 Qb1# { White checkmated } 0-1

[Event "ICC tourney 2314 (120 10)"]
[Site "Internet Chess Club"]
[Date "2021.01.16"]
[Round "1"]
[White "Hari152"]
[Black "bgl2011"]
[Result "0-1"]
[ICCResult "White checkmated"]
[WhiteElo "1180"]
[BlackElo "1496"]
[Opening "Scotch: Schmidt variation"]
[ECO "C45"]
[NIC "SO.04"]
[Time "11:04:03"]
[PlyCount "132"]
[TimeControl "7200+10"]

1. e4 e5 2. Nf3 Nc6 3. d4 exd4 4. Nxd4 Nf6 5. Nc3 Bb4 6. Nxc6 Bxc3+ 7. bxc3
bxc6 8. Bd3 O-O 9. Bg5 h6 10. Bh4 d6 11. h3 Re8 12. O-O g5 13. Bg3 Nxe4 14.
Bxe4 Rxe4 15. Qd3 Bf5 16. Qf3 Bg6 17. Rfe1 Qe7 18. Rxe4 Qxe4 19. Qxe4 Bxe4
20. Rc1 Rb8 21. a3 Rb2 22. f3 Bxc2 23. Bf2 a5 24. Bd4 Ra2 25. g4 Bg6 26.
Re1 Kf8 27. Ba7 Rxa3 28. Bb8 Rxc3 29. Kg2 a4 30. Bxc7 Rd3 31. Ra1 a3 32.
Kg3 Ke8 33. Re1+ Kd7 34. Bb8 f6 35. Ba7 a2 36. Ra1 Bf7 37. Bb6 Rd2 38. Be3
Re2 39. Bd4 Ke6 40. Bc3 c5 41. h4 Bg6 42. h5 Bb1 43. f4 d5 44. fxg5 Re3+
45. Kf4 Rxc3 46. gxh6 Ra3 47. g5 c4 48. g6 Rh3 49. Kg4 Bf5+ 50. Kf4 Rxh5
51. g7 Bh7 52. Rxa2 Rxh6 53. Rg2 Kf7 54. Ke3 Rg6 55. Rxg6 Bxg6 56. Kd4 Kxg7
57. Kxd5 c3 58. Kc4 c2 59. Kb3 c1=Q 60. Kb4 f5 61. Kb5 f4 62. Kb6 f3 63.
Kb7 f2 64. Ka7 f1=Q 65. Ka8 Qb2 66. Ka7 Qfa1# { White checkmated } 0-1

[Event "ICC tourney 2314 (120 10)"]
[Site "Internet Chess Club"]
[Date "2021.01.16"]
[Round "1"]
[White "kevinwang"]
[Black "sairam23"]
[Result "1-0"]
[ICCResult "Black checkmated"]
[WhiteElo "1262"]
[BlackElo "1506"]
[Opening "French: advance, Euwe variation"]
[ECO "C02"]
[NIC "FR.03"]
[Time "11:03:52"]
[PlyCount "87"]
[TimeControl "7200+10"]

1. e4 e6 2. d4 d5 3. e5 c5 4. c3 Nc6 5. Nf3 Bd7 6. Bd3 cxd4 7. cxd4 Nge7 8.
a3 Nf5 9. Bxf5 exf5 10. Qb3 Qb6 11. Nbd2 Nxd4 12. Nxd4 Qxd4 13. O-O Bc6 14.
Nf3 Qb6 15. Qc2 Bc5 16. b4 Be7 17. Be3 Qd8 18. Qxf5 O-O 19. Rfe1 Qd7 20.
Nd4 Qxf5 21. Nxf5 Rfe8 22. Rac1 a6 23. Bc5 Bxc5 24. Rxc5 Rad8 25. Nd4 Rc8
26. f4 Re7 27. a4 Ree8 28. b5 axb5 29. axb5 b6 30. Rxc6 Rxc6 31. bxc6 Rc8
32. Rb1 Kf8 33. Rxb6 Ke7 34. Rb7+ Kd8 35. Rxf7 Rc7 36. Ne6+ Ke8 37. Rxc7 g5
38. fxg5 d4 39. Nxd4 Kd8 40. Ne6+ Ke8 41. Rd7 h6 42. g6 h5 43. g7 h4 44.
g8=Q# { Black checkmated } 1-0

[Event "ICC tourney 2314 (120 10)"]
[Site "Internet Chess Club"]
[Date "2021.01.16"]
[Round "1"]
[White "thihansa"]
[Black "AchaTelugammayi"]
[Result "1/2-1/2"]
[ICCResult "White stalemated"]
[WhiteElo "1231"]
[BlackElo "1500"]
[Opening "Two knights defense (Modern bishop's opening)"]
[ECO "C55"]
[NIC "IG.01"]
[Time "11:03:53"]
[PlyCount "144"]
[TimeControl "7200+10"]

1. e4 e5 2. Nf3 Nc6 3. Bc4 Nf6 4. d3 d6 5. c3 Be7 6. Bb3 O-O 7. O-O Bg4 8.
Nbd2 d5 9. Re1 Bc5 10. Nf1 dxe4 11. dxe4 Qxd1 12. Bxd1 Rad8 13. h3 Bh5 14.
Ng3 Bg6 15. Bc2 h6 16. Be3 Bxe3 17. Rxe3 Nh5 18. Nxh5 Bxh5 19. g4 Bg6 20.
Ree1 Rd6 21. Kf1 Rfd8 22. Ke2 h5 23. Rad1 hxg4 24. hxg4 f6 25. Rxd6 Rxd6
26. Rd1 Rxd1 27. Kxd1 Kf8 28. Nd2 Bf7 29. Bb3 Bxb3+ 30. Nxb3 b6 31. f3 Kf7
32. Ke2 Kg6 33. Ke3 Kg5 34. Nd2 g6 35. Nc4 f5 36. gxf5 gxf5 37. exf5 Kxf5
38. b4 Ne7 39. Kd3 Kf4 40. a4 Nf5 41. Nd2 Nh4 42. Ke2 Nf5 43. Kd3 Nh4 44.
Ke2 a6 45. b5 axb5 46. axb5 Nf5 47. Kd3 Nd6 48. c4 Nf5 49. Ke2 Nd4+ 50. Kf2
Ne6 51. Ne4 Nc5 52. Nd2 e4 53. fxe4 Nxe4+ 54. Ke2 Nxd2 55. Kxd2 Ke4 56. Kc3
Ke3 57. Kb4 Kd2 58. c5 Kd3 59. cxb6 cxb6 60. Kb3 Kd4 61. Kb4 Kd5 62. Kb3
Kc5 63. Kc3 Kxb5 64. Kb3 Kc5 65. Kc3 b5 66. Kb3 b4 67. Kb2 Kc4 68. Kc2 b3+
69. Kb2 Kb4 70. Kb1 Kc3 71. Kc1 b2+ 72. Kb1 Kb3 { White stalemated }
1/2-1/2

[Event "ICC tourney 2314 (120 10)"]
[Site "Internet Chess Club"]
[Date "2021.01.16"]
[Round "1"]
[White "ScorpianFire7"]
[Black "artistqueen"]
[Result "1/2-1/2"]
[ICCResult "Game drawn by repetition"]
[WhiteElo "1501"]
[BlackElo "1260"]
[Opening "Four knights: double Ruy Lopez"]
[ECO "C49"]
[NIC "KP.03"]
[Time "11:03:54"]
[PlyCount "157"]
[TimeControl "7200+10"]

1. e4 e5 2. Nf3 Nf6 3. Nc3 Nc6 4. Bb5 Bb4 5. d3 d6 6. h3 O-O 7. O-O Qe7 8.
Bg5 Bxc3 9. bxc3 Nd8 10. Bc4 Be6 11. Bxe6 Nxe6 12. Be3 c5 13. Re1 Rfd8 14.
c4 b6 15. c3 h6 16. a4 a5 17. Rb1 Rab8 18. Rb2 Nf8 19. Qc2 Ng6 20. Reb1 Qc7
21. Rb5 Rb7 22. Qb3 Rdb8 23. Qb2 Nh5 24. g3 Qc6 25. Nd2 Nf6 26. Nb3 Ra7 27.
Nxa5 Qc7 28. Nb3 Rxa4 29. Nxc5 dxc5 30. Bxc5 Ra6 31. Bxb6 Qd7 32. Qc2 Qc6
33. Be3 Rba8 34. Rb6 Rxb6 35. Rxb6 Qc8 36. Kg2 Nd7 37. Rb5 Qc6 38. Qb3 Ne7
39. Kh2 Nc8 40. c5 Ra7 41. Qb1 Nf6 42. f3 Re7 43. d4 exd4 44. cxd4 Kh7 45.
e5+ Kg8 46. Rb8 Nd7 47. Rb4 Qxf3 48. Qe1 f6 49. Qf2 Qxf2+ 50. Bxf2 fxe5 51.
d5 Rf7 52. Kg2 Ne7 53. d6 Nd5 54. Rc4 Rf6 55. c6 Rxd6 56. cxd7 Rxd7 57. Re4
Re7 58. Bc5 Re8 59. Bd6 Kf7 60. Rxe5 Rd8 61. Rxd5 Ke6 62. Rd3 Rxd6 63. Re3+
Kf7 64. Rf3+ Kg6 65. g4 Kg5 66. Rf5+ Kg6 67. Kg3 Rd3+ 68. Rf3 Rxf3+ 69.
Kxf3 Kg5 70. Kg3 Kf6 71. Kf4 g6 72. h4 g5+ 73. hxg5+ hxg5+ 74. Ke4 Ke6 75.
Kd4 Kd6 76. Ke4 Ke6 77. Kd4 Kd6 78. Ke4 Ke6 79. Kd4 { Game drawn by
repetition } 1/2-1/2

[Event "ICC tourney 2314 (120 10)"]
[Site "Internet Chess Club"]
[Date "2021.01.16"]
[Round "1"]
[White "siddarth1"]
[Black "AkshatSuresh"]
[Result "0-1"]
[ICCResult "White resigns"]
[WhiteElo "1462"]
[BlackElo "1691"]
[Opening "Sicilian: Alapin's variation (2.c3)"]
[ECO "B22"]
[NIC "SI.46"]
[Time "11:03:49"]
[PlyCount "56"]
[TimeControl "7200+10"]

1. e4 c5 2. c3 e6 3. d4 cxd4 4. cxd4 Nf6 5. Bd3 a6 6. a4 d5 7. e5 Nfd7 8.
Nf3 Be7 9. O-O Nc6 10. Bd2 f6 11. Re1 f5 12. h3 O-O 13. Nh2 Nxd4 14. g4 Nc5
15. Bc3 Ndb3 16. Ra2 Nxd3 17. Qxd3 d4 18. Bd2 Qd5 19. Ra3 Bxa3 20. Nxa3
Nxd2 21. Qxd2 Bd7 22. Qd1 Bc6 23. f3 d3 24. g5 d2 25. Re2 Rad8 26. Nb1 Qc5+
27. Kg2 Bxa4 28. b3 Bxb3 { White resigns } 0-1

[Event "ICC tourney 2314 (120 10)"]
[Site "Internet Chess Club"]
[Date "2021.01.16"]
[Round "1"]
[White "solveur"]
[Black "mathewjiang"]
[Result "1-0"]
[ICCResult "Black resigns"]
[WhiteElo "1435"]
[BlackElo "1641"]
[Opening "QGD Slav defense"]
[ECO "D10"]
[NIC "SL.01"]
[Time "11:04:00"]
[PlyCount "47"]
[TimeControl "7200+10"]

1. d4 d5 2. c4 c6 3. Nc3 Nf6 4. Bf4 Bf5 5. e3 e6 6. Qb3 Qb6 7. c5 Qxb3 8.
axb3 Nbd7 9. Nf3 Be7 10. Be2 O-O 11. O-O b6 12. cxb6 axb6 13. Ba6 c5 14.
Bb7 Rxa1 15. Rxa1 Nh5 16. Bc7 Bd8 17. Bd6 Re8 18. Bc6 Nhf6 19. Ne5 cxd4 20.
exd4 Nxe5 21. dxe5 Ne4 22. Nxe4 Bxe4 23. Bxe8 f6 24. Ra8 { Black resigns }
1-0

[Event "ICC tourney 2314 (120 10)"]
[Site "Internet Chess Club"]
[Date "2021.01.16"]
[Round "1"]
[White "Vinny773175"]
[Black "awakeprize"]
[Result "1-0"]
[ICCResult "Black checkmated"]
[WhiteElo "1696"]
[BlackElo "1470"]
[Opening "Sicilian: Sozin, not Scheveningen"]
[ECO "B57"]
[NIC "SI.25"]
[Time "11:03:47"]
[PlyCount "161"]
[TimeControl "7200+10"]

1. e4 c5 2. Nf3 Nc6 3. d4 cxd4 4. Nxd4 d6 5. Nc3 Nf6 6. Bc4 g6 7. Be3 Bg7
8. O-O O-O 9. a4 Nd7 10. Nde2 Nde5 11. Ba2 Bd7 12. Ng3 Ng4 13. Bd2 h5 14.
h3 Nf6 15. Be3 Qc8 16. Nge2 Ne5 17. Nf4 Bc6 18. Ncd5 Nxd5 19. Nxd5 Bxd5 20.
Bxd5 Nc4 21. Bd4 Bxd4 22. Qxd4 Nb6 23. Bb3 Nd7 24. Rad1 Nc5 25. Ba2 Ne6 26.
Qd2 Nc5 27. Qd4 Ne6 28. Bxe6 Qxe6 29. f4 Rfc8 30. f5 Qc4 31. c3 Qxd4+ 32.
Rxd4 Rc5 33. Rf3 Rac8 34. Re3 Rc4 35. Rxc4 Rxc4 36. b3 Rc6 37. Kf2 Kg7 38.
g4 hxg4 39. hxg4 g5 40. Ke2 Kf6 41. Kd3 Ke5 42. Rf3 a5 43. Rh3 Rb6 44. Rh7
Kf6 45. e5+ Kxe5 46. Rxf7 d5 47. Rxe7+ Kf6 48. Rd7 Rxb3 49. Rd6+ Ke5 50.
Re6+ Kf4 51. f6 Kxg4 52. f7 d4 53. Kxd4 Rb1 54. f8=Q Rd1+ 55. Kc4 b5+ 56.
axb5 Rd4+ 57. cxd4 a4 58. Re4+ Kh3 59. Qa3+ Kh2 60. Qxa4 g4 61. Rxg4 Kh3
62. Qd1 Kh2 63. Qh1+ Kxh1 64. d5 Kh2 65. d6 Kh1 66. b6 Kh2 67. d7 Kh3 68.
Rg7 Kh2 69. d8=Q Kh3 70. b7 Kh2 71. Kd3 Kh3 72. Qh4+ Kxh4 73. Ke4 Kh3 74.
Kf3 Kh4 75. Kf4 Kh5 76. Kf5 Kh6 77. Rg5 Kh7 78. b8=N Kh8 79. Nd7 Kh7 80.
Nf6+ Kh6 81. Rg6# { Black checkmated } 1-0

[Event "ICC tourney 2314 (120 10)"]
[Site "Internet Chess Club"]
[Date "2021.01.16"]
[Round "1"]
[White "Elias1302"]
[Black "akshajp"]
[Result "1-0"]
[ICCResult "Black resigns"]
[WhiteElo "1609"]
[BlackElo "1389"]
[Opening "Queen's pawn: London system"]
[ECO "A45"]
[NIC "QP.07"]
[Time "11:03:53"]
[PlyCount "84"]
[TimeControl "7200+10"]

1. d4 Nf6 2. Bf4 d5 3. e3 e6 4. Bd3 c5 5. dxc5 Bxc5 6. Nf3 Nc6 7. c3 Qe7 8.
Bb5 Bd6 9. Ne5 Bd7 10. Nxd7 Qxd7 11. Bxd6 Qxd6 12. O-O O-O 13. Re1 Rfd8 14.
Nd2 e5 15. Nf3 a6 16. Ba4 b5 17. Bb3 Na5 18. h3 Nc4 19. Bxc4 bxc4 20. b4
Ne4 21. Qc2 a5 22. a3 Qe6 23. Nd2 Nxd2 24. Qxd2 f6 25. f4 exf4 26. exf4
Qb6+ 27. Kh1 d4 28. Qf2 axb4 29. axb4 Rxa1 30. Rxa1 Rd6 31. Qe2 Qd8 32.
Qxc4+ Kf8 33. Ra7 Rd7 34. Rxd7 Qxd7 35. Qxd4 Qxd4 36. cxd4 Ke7 37. Kg1 Kd6
38. Kf2 Kd5 39. Ke3 f5 40. Kd3 h6 41. g4 fxg4 42. hxg4 g6 { Black resigns }
1-0

[Event "ICC tourney 2314 (120 10)"]
[Site "Internet Chess Club"]
[Date "2021.01.16"]
[Round "1"]
[White "GPWKnight"]
[Black "MikeWMason"]
[Result "1/2-1/2"]
[ICCResult "Game drawn by mutual agreement"]
[WhiteElo "1471"]
[BlackElo "1699"]
[Opening "Sicilian: Alapin's variation (2.c3)"]
[ECO "B22"]
[NIC "SI.46"]
[Time "11:04:16"]
[PlyCount "64"]
[TimeControl "7200+10"]

1. e4 c5 2. c3 d5 3. exd5 Qxd5 4. Nf3 Bg4 5. Be2 Nc6 6. Na3 Nf6 7. O-O e6
8. Nc2 Be7 9. Ne3 Qd7 10. Nxg4 Nxg4 11. Qa4 Nf6 12. Bb5 Rc8 13. Ne5 Qc7 14.
Nxc6 bxc6 15. Be2 O-O 16. d4 cxd4 17. Qxd4 Rfd8 18. Qh4 Nd5 19. Bg5 Bxg5
20. Qxg5 Qf4 21. Qxf4 Nxf4 22. Bf3 Kf8 23. Rad1 Ke7 24. g3 Nd3 25. b3 Ne5
26. Be2 c5 27. f4 Nc6 28. Rxd8 Rxd8 29. Rd1 Rxd1+ 30. Bxd1 Kd6 31. Kf2 Ne7
32. c4 Nc6 { Game drawn by mutual agreement } 1/2-1/2

[Event "ICC tourney 2314 (120 10)"]
[Site "Internet Chess Club"]
[Date "2021.01.16"]
[Round "1"]
[White "StevChess01"]
[Black "atchess11"]
[Result "1-0"]
[ICCResult "Black resigns"]
[WhiteElo "1632"]
[BlackElo "1398"]
[Opening "QGD: exchange, positional line"]
[ECO "D35"]
[NIC "QO.16"]
[Time "11:03:53"]
[PlyCount "106"]
[TimeControl "7200+10"]

1. d4 d5 2. c4 e6 3. Nc3 Nf6 4. cxd5 exd5 5. Bg5 Be7 6. e3 c6 7. Bd3 h6 8.
Bh4 O-O 9. Qc2 Nbd7 10. Nf3 Nb6 11. h3 Ne8 12. Bxe7 Qxe7 13. O-O Nf6 14.
Rab1 Be6 15. Nd2 Rab8 16. b4 a6 17. a4 Rfc8 18. Qb2 Nbd7 19. a5 Nf8 20. Na4
N6d7 21. Rbe1 f5 22. Qb1 g6 23. Nc5 Nxc5 24. bxc5 Qc7 25. Nb3 Nd7 26. Qc2
Kg7 27. Ra1 Kg8 28. Nc1 Kg7 29. Ne2 Kg8 30. Nf4 Bf7 31. Rfb1 Kg7 32. Rb2
Ra8 33. Qd2 Ra7 34. Rab1 Rb8 35. Ne2 Kg8 36. Kh1 Kh8 37. Ng1 Kg7 38. f4 Kg8
39. Nf3 Kg7 40. Ne5 Nxe5 41. fxe5 Kh7 42. Rb6 Be6 43. Qb4 Bc8 44. Bxa6 Rba8
45. Bxb7 Rxb7 46. Rxb7 Bxb7 47. Qxb7 Qxb7 48. Rxb7+ Kg8 49. Rb6 Rxa5 50.
Rxc6 Ra1+ 51. Kh2 Re1 52. Rxg6+ Kh7 53. Rd6 Rxe3 { Black resigns } 1-0

[Event "ICC tourney 2314 (120 10)"]
[Site "Internet Chess Club"]
[Date "2021.01.16"]
[Round "1"]
[White "joeandjoe28"]
[Black "muzikmixer"]
[Result "0-1"]
[ICCResult "White checkmated"]
[WhiteElo "1416"]
[BlackElo "1633"]
[Opening "Réti: Wade defense"]
[ECO "B07"]
[NIC "VO.17"]
[Time "11:03:50"]
[PlyCount "70"]
[TimeControl "7200+10"]

1. e4 d6 2. Nf3 Bg4 3. Nc3 e6 4. Be2 c6 5. d4 d5 6. e5 Bxf3 7. Bxf3 b5 8.
O-O a6 9. Ne2 c5 10. c3 Nc6 11. b3 cxd4 12. cxd4 Qb6 13. Bb2 h5 14. Rc1 g6
15. Nf4 Nge7 16. Qd2 Bh6 17. Rc2 g5 18. Nxh5 g4 19. Nf6+ Kd8 20. Qd1 gxf3
21. gxf3 Bf4 22. Ng4 Nf5 23. Bc1 Bxc1 24. Qxc1 Nfxd4 25. Rc3 Kc7 26. Qd2 b4
27. Rd3 Rag8 28. Kh1 Kb7 29. Rd1 Nf5 30. Rc1 Rg6 31. Rg1 Qb5 32. Qd1 d4 33.
Qc2 Nxe5 34. Nxe5 Qxe5 35. Rxg6 Qxh2# { White checkmated } 0-1

[Event "ICC tourney 2314 (120 10)"]
[Site "Internet Chess Club"]
[Date "2021.01.16"]
[Round "1"]
[White "RachanaB"]
[Black "attalone"]
[Result "1/2-1/2"]
[ICCResult "Game drawn by mutual agreement"]
[WhiteElo "1461"]
[BlackElo "1650"]
[Opening "French: advance, Milner-Barry gambit"]
[ECO "C02"]
[NIC "FR.03"]
[Time "11:04:00"]
[PlyCount "76"]
[TimeControl "7200+10"]

1. e4 e6 2. d4 d5 3. e5 c5 4. c3 Nc6 5. Nf3 Qb6 6. Bd3 Bd7 7. Bc2 cxd4 8.
cxd4 Nb4 9. Bb3 Ne7 10. O-O Rc8 11. a3 Nbc6 12. Nc3 Nf5 13. Ne2 Na5 14. Bc2
Ne7 15. b3 Ng6 16. Ne1 Be7 17. f4 O-O 18. Kh1 f5 19. exf6 Bxf6 20. Bxg6
hxg6 21. b4 Nc4 22. Rf3 Nd6 23. Bb2 Ne4 24. Ng3 Nd6 25. Nc2 Nf5 26. Nxf5
gxf5 27. Rh3 Kf7 28. Ne1 Ke7 29. Nf3 Rh8 30. Rg3 Qc7 31. Ne5 Rh6 32. Rc1
Qd8 33. Rxc8 Qxc8 34. h3 Bxe5 35. fxe5 Kf7 36. Qf3 Qc2 37. Bc3 Qc1+ 38. Kh2
Qc2 { Game drawn by mutual agreement } 1/2-1/2